 Dungeon Crawl Stone Soup version 0.31-a0-214-gb37851dbb3 (webtiles) character file.

Game seed: 5194255105592195884

5418 qw the Skirmisher (level 10, -6/64 HPs)
             Began as a Gargoyle Hexslinger on July 1, 2023.
             Was an Initiate of Okawaru.
             Mangled by Psyche
             ... wielding a +0 dagger of chaos
              (8 damage)
             ... on level 8 of the Dungeon.
             The game lasted 00:04:31 (8130 turns).

qw the Skirmisher (Gargoyle Hexslinger)             Turns: 8130, Time: 00:04:32

Health: -6/64      AC:  0    Str: 12    XL:     10   Next: 67%
Magic:  9/11       EV: 16    Int: 12    God:    Okawaru [......]
Gold:   1064       SH:  0    Dex: 16    Spells: 10/11 levels left

rFire   . . .        Y - melded +0 orcbow (freeze)
rCold   . . .        (shield currently unavailable)
rNeg    + . .        f - melded +2 acid dragon scales
rPois   inf          (helmet currently unavailable)
rElec   .            m - melded +0 cloak
rCorr   .            a - melded +0 pair of gloves
SInv    .            o - melded +0 pair of boots
Will    .....        (no amulet)
Stlth   +            q - melded ring of protection from fire
HPRegen 0.30/turn    (ring currently unavailable)
MPRegen 0.12/turn

%: no passive effects
@: mighty, pig-form, on berserk cooldown, slowed
A: fast, no casting, sickness immunity, AC +7, small, negative energy resistance
1, (electricity resistance), torment resistance 1, petrification resistance,
(horns 1), dopey 1, (sturdy frame 1)
a: Renounce Religion


You were on level 8 of the Dungeon.
You worshipped Okawaru.
Okawaru was noncommittal.
You were a filthy swine.
You visited 2 branches of the dungeon, and saw 9 of its levels.

You collected 1179 gold pieces.
You spent 115 gold pieces at shops.


Innate Abilities, Weirdness & Mutations

You are a filthy swine.
You move quickly.
Your equipment is almost entirely melded.
You are incapable of wielding weapons or throwing items.
You cannot cast spells.
You are immune to sickness and miasma.
((Your stone body is resilient. (AC +7)))
You are immune to poison.
You resist negative energy. (rN+)
((You are resistant to electric shocks. (rElec)))
You are resistant to unholy torment.
You are immune to petrification.
((You have a pair of small horns on your head.))
You are dopey. (Int -2)
((Your movements are slightly less encumbered by armour. (ER -2)))


   Skills:
 - Level 8.0 Fighting
 + Level 12.2 Ranged Weapons
 - Level 5.0 Armour
 - Level 4.0 Dodging
 - Level 1.0 Spellcasting
 - Level 2.6 Hexes


You had 10 spell levels left.
You knew the following spells:

 Your Spells              Type           Power      Damage    Failure   Level
a - Slow                  Hex            28%        N/A       10%         1

Your spell library contained the following spells:

 Spells                   Type           Power      Damage    Failure   Level
 Inner Flame              Hex/Fire       3%         N/A       45%         3
 Portal Projectile        Hex/Tloc       6%         N/A       45%         3
 Cause Fear               Hex            3%         N/A       69%         4

Inventory:

Hand Weapons
 Y - a +0 orcbow of freezing (melded)
Armour
 a - a +0 pair of gloves (melded)
 f - +2 acid dragon scales (melded)
 m - a +0 cloak (melded)
 o - a +0 pair of boots (melded)
Jewellery
 k - a ring of fire
 q - a ring of protection from fire (melded)
Wands
 b - a wand of digging (6)
Scrolls
 g - a scroll of identify
Potions
 e - a potion of mutation

Dungeon Overview and Level Annotations

Branches:
Dungeon (8/15)             Temple (1/1) D:5
   Lair: D:8-11

Altars:
Ashenzari
Dithmenos
Elyvilon
Fedhas
Gozag
Hepliaklqana
Kikubaaqudgha
Makhleb
Nemelex Xobeh
Okawaru
Qazlal
Ru
Trog
Uskayaw
Vehumet
Wu Jian
Yredelemnul
The Shining One

Shops:
D:2 *   D:3 :[[(

Annotations:
D:2 1 runed translucent door, Crazy Yiuf
D:8 Gastronok, Psyche


Message History

You hear some strange, mumbled words.
You are no longer berserk.
You are exhausted.
You feel yourself slow down. Something hits you.
You feel very mighty all of a sudden.
You shoot an arrow.
You hear some strange, mumbled words.
Something tries to affect you, but you resist.
You hear some strange, mumbled words.
You turn into a filthy swine.
Your +0 orcbow of freezing melds into your body.
Your +0 cloak melds into your body.
Your +0 pair of gloves melds into your body.
Your +0 pair of boots melds into your body.
Your +2 acid dragon scales melds into your body.
Your ring of protection from fire melds into your body.
Your +0 orcbow of freezing stops glowing.
There is a strange disturbance nearby!
Something hits you. Something freezes you. Something hits you.
You feel your power leaking away.
8125 ||| Stepping randomly (disturbance).
You hear some strange, mumbled words.
8126 ||| Stepping randomly (disturbance).
You miss something. Something closely misses you. Something hits you.
Something freezes you.
There is a strange disturbance nearby!
You hear some strange, mumbled words.
A swirling arc of seething chaos appears!
An arc of chaos appears from out of thin air!
The arc of chaos hits you but does no damage.
You resist. The arc of chaos hits you. Something hits you. Something burns you.
There is a strange disturbance nearby!
Something hits you.
8129 ||| Stepping randomly (disturbance).
You hear some strange, mumbled words.
Enter note:
Enter note:
There is a strange disturbance nearby!
Something hits you!
You die...

....# ....#
#..... ......
#....# # ##....#
#.. ##.....#
#....##{h...#..
#............)..
................
...............#
.........###..##
........## #..#
........# #..
........# #.
##...#..#


There were no monsters in sight!

Vanquished Creatures
  Maggie (D:6)
  Prince Ribbit (D:6)
  Grinder (D:4)
  A wyvern (D:7)
  2 steam dragons
  Menkaure (D:6)
  A water moccasin (D:7)
  An acid dragon (D:8)
  Duvessa (D:4)
  An ice beast (D:7)
  A sky beast (D:7)
  An orc warrior (D:7)
  A black bear (D:5)
  7 ogres
  5 centaurs
  A phantom (D:6)
  A kobold brigand (D:6)
  Blork the orc (D:4)
  4 bullfrogs
  6 scorpions
  2 gnoll sergeants
  7 wights
  Dowan (D:4)
  3 jellies
  5 hounds
  4 orc priests
  5 sleepcaps
  3 iguanas
  7 orc wizards
  11 gnolls
  19 adders
  A white imp (D:7)
  An ufetubus (D:4)
  2 worms (D:2)
  3 dart slugs
  27 orcs
  10 endoplasms
  6 giant cockroaches
  A hobgoblin (D:2)
  13 kobolds
  6 quokkas
  5 ball pythons
  6 bats
  2 frilled lizards (D:2)
  6 goblins
  4 rats
199 creatures vanquished.

Vanquished Creatures (collateral kills)
  2 orcs (D:4)
2 creatures vanquished.

Grand Total: 201 creatures vanquished

Notes
Turn   | Place    | Note
-------+----------+-------------------------------------------
     0 | D:1      | qw the Gargoyle Hexslinger began the quest for the Orb.
     0 | D:1      | Reached XP level 1. HP: 12/12 MP: 2/2
     0 | D:1      | 0 ||| qw: Version: 0.3-a-32-g5962c71
     0 | D:1      | 0 ||| qw: Game counter: 7494
     0 | D:1      | 0 ||| qw: Melee chars always use a shield: true
     0 | D:1      | 0 ||| qw: God list: Okawaru
     0 | D:1      | 0 ||| qw: Allow faded altars: false
     0 | D:1      | 0 ||| qw: Do Orc after clearing Dungeon:15 true
     0 | D:1      | 0 ||| qw: Do second Lair branch before Depths: true
     0 | D:1      | 0 ||| qw: Lair rune preference: random
     0 | D:1      | 0 ||| qw: Goals: Normal
     0 | D:1      | 0 ||| PLANNING D:1-11
   192 | D:1      | Reached XP level 2. HP: 16/16 MP: 3/3
   402 | D:1      | Reached skill level 3 in Ranged Weapons
   522 | D:1      | 522 ||| UPGRADING to +0 helmet.
   527 | D:1      | 527 ||| READING scroll labelled ETUC JUDEAJEOCH.
   528 | D:1      | 528 ||| READING scroll labelled ORAN QOYKKAPH.
   529 | D:1      | 529 ||| DRINKING 2 puce potions.
   530 | D:1      | 530 ||| DROPPING scroll of poison.
   576 | D:2      | Reached XP level 3. HP: 19/21 MP: 4/4
   738 | D:2      | 738 ||| FLEEEEING.
   739 | D:2      | 739 ||| FLEEEEING.
   740 | D:2      | 740 ||| FLEEEEING.
   741 | D:2      | 741 ||| FLEEEEING.
   742 | D:2      | 742 ||| FLEEEEING.
   743 | D:2      | 743 ||| FLEEEEING.
   744 | D:2      | 744 ||| FLEEEEING.
   745 | D:2      | 745 ||| FLEEEEING.
   746 | D:2      | 746 ||| FLEEEEING.
   748 | D:2      | 748 ||| FLEEEEING.
   749 | D:2      | 749 ||| FLEEEEING.
   750 | D:2      | 750 ||| FLEEEEING.
   751 | D:2      | 751 ||| FLEEEEING.
   752 | D:2      | 752 ||| FLEEEEING.
   753 | D:2      | 753 ||| FLEEEEING.
   754 | D:2      | 754 ||| FLEEEEING.
   755 | D:2      | 755 ||| FLEEEEING.
   756 | D:2      | 756 ||| FLEEEEING.
   757 | D:2      | 757 ||| FLEEEEING.
   758 | D:2      | 758 ||| FLEEEEING.
   759 | D:2      | 759 ||| FLEEEEING.
   760 | D:2      | 760 ||| FLEEEEING.
   761 | D:2      | 761 ||| FLEEEEING.
   762 | D:2      | 762 ||| FLEEEEING.
   763 | D:2      | 763 ||| FLEEEEING.
   764 | D:2      | 764 ||| FLEEEEING.
   765 | D:2      | 765 ||| FLEEEEING.
   766 | D:2      | 766 ||| FLEEEEING.
   767 | D:2      | 767 ||| FLEEEEING.
   768 | D:2      | 768 ||| FLEEEEING.
   769 | D:2      | 769 ||| STAIRDANCE
   780 | D:1      | 780 ||| READING scroll labelled MOFROZ ZEMIO.
   783 | D:1      | 783 ||| READING scroll labelled UGEMNU TEWOH.
   907 | D:2      | Found Toerami's General Store.
   912 | D:2      | 912 ||| SHOPLISTING +4 ring of protection (396 gold, have
                  | 144).
   912 | D:2      | 912 ||| BUYING potion of curing (33 gold).
   912 | D:2      | Bought a potion of curing for 33 gold pieces
   912 | D:2      | 912 ||| BUYING scroll of enchant armour (82 gold).
   912 | D:2      | Bought a scroll of enchant armour for 82 gold pieces
   912 | D:2      | 912 ||| READING scroll of enchant armour.
   912 | D:2      | 912 ||| ENCHANTING +0 helmet.
   978 | D:2      | Reached XP level 4. HP: 26/26 MP: 5/5
   982 | D:2      | Reached skill level 4 in Ranged Weapons
  1042 | D:2      | Found a runed translucent door.
  1043 | D:2      | Noticed Crazy Yiuf
  1437 | D:2      | 1437 ||| UPGRADING to +0 ring mail.
  1447 | D:2      | 1447 ||| DROPPING +0 robe.
  1528 | D:3      | Found Juemavae's Book Shop.
  1531 | D:3      | 1531 ||| READING scroll of enchant armour.
  1531 | D:3      | 1531 ||| ENCHANTING +1 helmet.
  1545 | D:3      | Found Usmef's Antique Armour Emporium.
  1550 | D:3      | Reached skill level 1 in Armour
  1555 | D:3      | Found Jaopuar's Antique Weapon Emporium.
  1561 | D:3      | 1561 ||| SHOPLISTING pair of boots (72 gold, have 45).
  1577 | D:3      | Reached XP level 5. HP: 30/30 MP: 6/6
  1614 | D:3      | Found a white marble altar of Elyvilon.
  1651 | D:3      | Found Myolam's Armour Shoppe.
  1659 | D:3      | 1659 ||| SHOPLISTING +2 ring mail of fire resistance (231
                  | gold, have 66).
  1659 | D:3      | 1659 ||| SHOPLISTING +3 ring mail of Indemnity {rPois} (332
                  | gold, have 66).
  1777 | D:3      | Found a bloodstained altar of Trog.
  2006 | D:3      | 2006 ||| READING 2 scrolls labelled IREMOCS XITIE.
  2007 | D:3      | 2007 ||| READING scroll labelled KUP XUACH.
  2007 | D:3      | Identified a scroll of acquirement
  2007 | D:3      | 2007 ||| ACQUIRING +0 orcbow of freezing
  2007 | D:3      | Acquired a +0 orcbow of freezing
  2009 | D:3      | 2009 ||| SWAPPING to +0 orcbow of freezing.
  2010 | D:3      | 2010 ||| DROPPING +1 sling of freezing.
  2088 | D:4      | Noticed Grinder
  2113 | D:4      | Killed Grinder
  2114 | D:4      | Reached skill level 6 in Ranged Weapons
  2114 | D:4      | Reached XP level 6. HP: 31/35 MP: 7/7
  2184 | D:4      | Reached skill level 3 in Fighting
  2214 | D:4      | Reached XP level 7. HP: 15/41 MP: 8/8
  2216 | D:4      | HP: 9/41 [gnoll/+0 spear (4)]
  2217 | D:4      | 2217 ||| READING 3 scrolls of teleportation.
  2219 | D:4      | HP: 1/41 [gnoll/+0 spear (7)]
  2366 | D:4      | 2366 ||| READING scroll labelled XYRRULLI DYSI.
  2371 | D:4      | 2371 ||| Stepping ~*~*~tactically~*~*~ (water).
  2373 | D:4      | 2373 ||| Stepping ~*~*~tactically~*~*~ (water).
  2491 | D:4      | Noticed Duvessa
  2491 | D:4      | Noticed Dowan
  2511 | D:4      | HP: 10/42 [Duvessa/+0 short sword (6)]
  2512 | D:4      | 2512 ||| READING 2 scrolls of teleportation.
  2514 | D:4      | Killed Duvessa
  2685 | D:4      | 2685 ||| DRINKING 3 potions of curing.
  2685 | D:4      | 2685 ||| (to cure confusion)
  2687 | D:4      | 2687 ||| DRINKING 2 potions of curing.
  2687 | D:4      | 2687 ||| (to cure confusion)
  2693 | D:4      | Reached skill level 7 in Ranged Weapons
  2847 | D:4      | HP: 10/44 [Dowan/+0 dagger (2)]
  2848 | D:4      | 2848 ||| READING scroll of teleportation.
  3253 | D:4      | Killed Dowan
  3254 | D:4      | Reached XP level 8. HP: 43/48 MP: 9/9
  3366 | D:4      | Noticed Blork the orc
  3374 | D:4      | Killed Blork the orc
  3375 | D:4      | Reached skill level 8 in Ranged Weapons
  3564 | D:4      | 3564 ||| UPGRADING to +2 robe of cold resistance.
  3574 | D:4      | 3574 ||| DROPPING +0 ring mail.
  3575 | D:4      | 3575 ||| UPGRADING to +0 pair of boots.
  3580 | D:4      | 3580 ||| DROPPING +6 ring of intelligence.
  3581 | D:4      | 3581 ||| UPGRADING to ring of protection from fire.
  3582 | D:4      | 3582 ||| READING 2 scrolls labelled KAGYPT LYOMUOROA.
  3583 | D:4      | 3583 ||| READING 3 scrolls labelled PUKKED NYB KOSAI.
  3618 | D:4      | 3618 ||| DROPPING scroll of revelation.
  3619 | D:4      | 3619 ||| DROPPING 2 scrolls of torment.
  3649 | D:5      | Entered Level 5 of the Dungeon
  3742 | D:5      | 3742 ||| DRINKING potion of curing.
  3742 | D:5      | 3742 ||| (to cure confusion)
  4072 | D:5      | Reached skill level 9 in Ranged Weapons
  4197 | D:5      | Found a burning altar of Makhleb.
  4204 | D:5      | Found an opulent altar of Gozag.
  4265 | D:5      | Reached skill level 6 in Fighting
  4268 | D:5      | 4268 ||| FLEEEEING.
  4269 | D:5      | 4269 ||| FLEEEEING.
  4270 | D:5      | 4270 ||| FLEEEEING.
  4271 | D:5      | 4271 ||| FLEEEEING.
  4272 | D:5      | 4272 ||| FLEEEEING.
  4273 | D:5      | 4273 ||| FLEEEEING.
  4274 | D:5      | 4274 ||| FLEEEEING.
  4275 | D:5      | 4275 ||| FLEEEEING.
  4276 | D:5      | 4276 ||| FLEEEEING.
  4277 | D:5      | 4277 ||| FLEEEEING.
  4278 | D:5      | 4278 ||| FLEEEEING.
  4279 | D:5      | 4279 ||| FLEEEEING.
  4280 | D:5      | 4280 ||| FLEEEEING.
  4281 | D:5      | 4281 ||| FLEEEEING.
  4282 | D:5      | 4282 ||| FLEEEEING.
  4283 | D:5      | 4283 ||| FLEEEEING.
  4284 | D:5      | 4284 ||| FLEEEEING.
  4285 | D:5      | 4285 ||| FLEEEEING.
  4286 | D:5      | 4286 ||| FLEEEEING.
  4287 | D:5      | 4287 ||| FLEEEEING.
  4288 | D:5      | 4288 ||| FLEEEEING.
  4289 | D:5      | 4289 ||| FLEEEEING.
  4290 | D:5      | 4290 ||| FLEEEEING.
  4291 | D:5      | 4291 ||| FLEEEEING.
  4292 | D:5      | 4292 ||| FLEEEEING.
  4293 | D:5      | 4293 ||| FLEEEEING.
  4294 | D:5      | 4294 ||| FLEEEEING.
  4295 | D:5      | 4295 ||| FLEEEEING.
  4296 | D:5      | 4296 ||| STAIRDANCE
  4335 | D:4      | 4335 ||| READING scroll labelled ECIHO LONYRI.
  4336 | D:4      | 4336 ||| READING 2 scrolls of identify.
  4336 | D:4      | 4336 ||| IDENTIFYING metallic yellow potion
  4337 | D:4      | 4337 ||| DROPPING potion of lignification.
  4340 | D:5      | 4340 ||| STAIRDANCE
  4569 | D:5      | Found a staircase to the Ecumenical Temple.
  4570 | D:5      | 4570 ||| PLANNING TEMPLE
  4579 | Temple   | Entered the Ecumenical Temple
  4848 | Temple   | 4848 ||| PLANNING D:1-11
  4982 | D:5      | 4982 ||| DRINKING 2 fuming orange potions.
  4983 | D:5      | 4983 ||| DROPPING potion of invisibility.
  5016 | D:6      | 5016 ||| READING scroll of acquirement.
  5016 | D:6      | 5016 ||| ACQUIRING 708 gold pieces
  5016 | D:6      | Acquired 708 gold pieces
  5039 | D:6      | 5039 ||| Stepping ~*~*~tactically~*~*~ (outnumbered).
  5041 | D:6      | 5041 ||| Stepping ~*~*~tactically~*~*~ (outnumbered).
  5058 | D:6      | Reached XP level 9. HP: 51/55 MP: 10/10
  5075 | D:6      | 5075 ||| FLEEEEING.
  5080 | D:6      | 5080 ||| FLEEEEING.
  5081 | D:6      | 5081 ||| FLEEEEING.
  5082 | D:6      | 5082 ||| FLEEEEING.
  5083 | D:6      | 5083 ||| FLEEEEING.
  5084 | D:6      | 5084 ||| FLEEEEING.
  5085 | D:6      | 5085 ||| STAIRDANCE
  5193 | D:6      | Noticed Menkaure
  5198 | D:6      | Killed Menkaure
  5199 | D:6      | Reached skill level 10 in Ranged Weapons
  5336 | D:6      | Noticed Maggie
  5355 | D:6      | HP: 8/55 [Maggie/bolt of fire (11)]
  5356 | D:6      | HP: 2/55 [Maggie/+2 long sword of flaming (6)]
  5357 | D:6      | Killed Maggie
  5792 | D:6      | Reached skill level 11 in Ranged Weapons
  5805 | D:6      | Noticed Prince Ribbit
  5828 | D:6      | Killed Prince Ribbit
  5829 | D:6      | Reached XP level 10. HP: 21/64 MP: 11/11
  6318 | D:6      | 6318 ||| DROPPING +1 robe of positive energy.
  6319 | D:6      | 6319 ||| UPGRADING to +2 acid dragon scales.
  6329 | D:6      | 6329 ||| DROPPING +2 robe of cold resistance.
  6330 | D:6      | 6330 ||| UPGRADING to +0 cloak.
  6335 | D:6      | 6335 ||| UPGRADING to amulet of guardian spirit.
  6340 | D:6      | 6340 ||| READING 2 scrolls of identify.
  6340 | D:6      | 6340 ||| IDENTIFYING red potion
  6365 | D:7      | 6365 ||| STAIRDANCE
  6423 | D:7      | 6423 ||| STAIRDANCE
  6465 | D:7      | 6465 ||| STAIRDANCE
  6538 | D:7      | 6538 ||| STAIRDANCE
  6583 | D:7      | 6583 ||| STAIRDANCE
  6634 | D:7      | 6634 ||| STAIRDANCE
  6691 | D:7      | 6691 ||| STAIRDANCE
  6770 | D:7      | 6770 ||| STAIRDANCE
  6814 | D:7      | 6814 ||| STAIRDANCE
  6886 | D:7      | 6886 ||| STAIRDANCE
  6955 | D:7      | 6955 ||| STAIRDANCE
  7022 | D:7      | 7022 ||| STAIRDANCE
  7085 | D:7      | 7085 ||| STAIRDANCE
  7139 | D:7      | 7139 ||| STAIRDANCE
  7163 | D:7      | 7163 ||| STAIRDANCE
  7200 | D:7      | 7200 ||| STAIRDANCE
  7229 | D:7      | Reached skill level 3 in Armour
  7238 | D:7      | 7238 ||| STAIRDANCE
  7270 | D:7      | 7270 ||| STAIRDANCE
  7304 | D:7      | 7304 ||| STAIRDANCE
  7738 | D:7      | Found an iron altar of Okawaru.
  7739 | D:7      | 7739 ||| PLANNING OKAWARU WORSHIP
  7739 | D:7      | 7739 ||| READING scroll labelled SIZA XYOMUT.
  7740 | D:7      | 7740 ||| DRINKING 3 dark potions.
  7740 | D:7      | Gained mutation: You are frail. (-10% HP) [potion of
                  | mutation]
  7740 | D:7      | Gained mutation: You passively map a small area around you.
                  | [potion of mutation]
  7740 | D:7      | Gained mutation: Your flesh is cold resistant. (rC+)
                  | [potion of mutation]
  7741 | D:7      | 7741 ||| DRINKING 2 potions of mutation.
  7741 | D:7      | Lost mutation: Your flesh is cold resistant. (rC+) [potion
                  | of mutation]
  7741 | D:7      | Lost mutation: You passively map a small area around you.
                  | [potion of mutation]
  7741 | D:7      | Lost mutation: You are frail. (-10% HP) [potion of
                  | mutation]
  7741 | D:7      | Gained mutation: You are dopey. (Int -2) [potion of
                  | mutation]
  7741 | D:7      | Gained mutation: Your movements are slightly less
                  | encumbered by armour. (ER -2) [potion of mutation]
  7741 | D:7      | Gained mutation: You have a pair of small horns on your
                  | head. [potion of mutation]
  7764 | D:7      | 7764 ||| DROPPING +2 helmet.
  7765 | D:7      | 7765 ||| READING 2 scrolls of identify.
  7765 | D:7      | 7765 ||| IDENTIFYING fizzy pink potion
  7766 | D:7      | 7766 ||| DROPPING potion of brilliance.
  7775 | D:7      | Became a worshipper of Warmaster Okawaru
  7776 | D:7      | 7776 ||| PLANNING D:1-11
  7776 | D:7      | 7776 ||| REMOVING amulet of guardian spirit.
  7804 | D:7      | 7804 ||| UPGRADING to +0 pair of gloves.
  7809 | D:7      | 7809 ||| DROPPING amulet of guardian spirit.
  7821 | D:8      | 7821 ||| STAIRDANCE
  7833 | D:7      | Reached skill level 12 in Ranged Weapons
  7903 | D:8      | 7903 ||| STAIRDANCE
  7911 | D:7      | 7911 ||| DRINKING potion of curing.
  7911 | D:7      | 7911 ||| (to cure confusion)
  7947 | D:8      | 7947 ||| STAIRDANCE
  8075 | D:8      | Noticed Gastronok
  8102 | D:8      | HP: 16/64 [orc warrior/+0 mace (10)]
  8103 | D:8      | 8103 ||| READING scroll of teleportation.
  8104 | D:8      | 8104 ||| DRINKING potion of heal wounds.
  8108 | D:8      | Noticed Psyche
  8114 | D:8      | 8114 ||| DRINKING potion of cancellation.
  8125 | D:8      | 8125 ||| Stepping randomly (disturbance).
  8126 | D:8      | 8126 ||| Stepping randomly (disturbance).
  8126 | D:8      | HP: 15/64 [something (2)]
  8127 | D:8      | HP: 7/64 [something (2)]
  8128 | D:8      | HP: 1/64 [something (6)]
  8129 | D:8      | 8129 ||| Stepping randomly (disturbance).
  8130 | D:8      | Mangled by Psyche

Levels and vault maps discovered:
D:1:      enne_arrival_octagon_isle, layout_rooms, serial_corexii_hall,
          corexii_hall_statues_i, corexii_hall_statues_l, corexii_hall_statues_i
D:2:      wad_pebble_path, layout_loops_cross, serial_shops, shop,
          minmay_misc_feat_four_crosses, uniq_crazy_yiuf_cottage
D:3:      layout_rooms, nicolae_elyvilon_peaceful_grove, lemuel_crystal_altar,
          serial_shops, nicolae_shop_hallway_stairs, shop, shop, shop,
          chequers_serial_rivers_large_a
D:4:      layout_basic, chequers_big_river, uniq_duvessa, uniq_grinder,
          uniq_blork_the_orc
D:5:      minmay_evil_eye, layout_layer_cave, mainiacjoe_overflow_big_doors,
          temple_green, nrook_mini_backslash, grunt_decor_cap
D:6:      minmay_inner_zag, layout_basic, uniq_prince_ribbit1, uniq_maggie,
          uniq_menkaure
D:7:      nicolae_whirlpool, layout_rooms, mainiacjoe_overflow_tiny_flanked
D:8:      layout_layer_cave, nicolae_overflow_hidden_temple, st_stairs_14,
          hangedman_decor_slide_cut, minmay_fractal_squares_5, uniq_erica,
          uniq_gastronok, uniq_psyche
Temple:   oiseaux_autumnal_temple

Skill      XL: |  1  2  3  4  5  6  7  8  9 10 |
---------------+-------------------------------+-----
Ranged Weapons | 3 4 6 7 9 11 12 | 12.2
Fighting       | 2 3 4 6 7 8 |  8.0
Armour         | 1 5 |  5.0
Dodging        | 2 4 |  4.0
Spellcasting   | |  1.0
Hexes          | |  2.6

Action                     |  1- 3 |  4- 6 |  7- 9 | 10-12 || total
---------------------------+-------+-------+-------+-------++-------
  Melee: Unarmed           |       |       |       |     1 ||     1
   Fire: Sling             |   113 |    89 |       |       ||   202
         Orcbow            |       |    65 |   475 |   271 ||   811
    Use: Scroll            |     5 |     3 |     9 |     4 ||    21
         Potion            |     1 |       |     4 |     5 ||    10
 Armour: Robe              |    31 |     2 |   128 |     2 ||   163
         Ring mail         |       |    61 |    54 |       ||   115
         Acid dragon scale |       |       |       |   148 ||   148
  Dodge: Dodged            |    47 |    81 |   186 |   219 ||   533

Table legend:
 A = Non-vault XP
 B = Vault XP
 C = Vault XP percentage of total XP
 D = Non-vault monster count
 E = Vault monster count
 F = Vault count percentage of total count
                 A         B        C        D         E       F
            +---------+---------+-------+---------+---------+-------
      Total |    5069 |    2672 |  34.5 |     177 |      24 |  11.9
            +---------+---------+-------+---------+---------+-------
        D:1 |      24 |       0 |   0.0 |      14 |       0 |   0.0
        D:2 |      86 |       0 |   0.0 |      27 |       0 |   0.0
        D:3 |     116 |       0 |   0.0 |      19 |       0 |   0.0
        D:4 |     536 |     590 |  52.4 |      28 |       4 |  12.5
        D:5 |     780 |     151 |  16.2 |      22 |       6 |  21.4
        D:6 |    1475 |    1252 |  45.9 |      34 |       9 |  20.9
        D:7 |    1704 |     520 |  23.4 |      24 |       4 |  14.3
        D:8 |     348 |     159 |  31.4 |       9 |       1 |  10.0
            +---------+---------+-------+---------+---------+-------
